 Dungeon Crawl Stone Soup version 0.20.0-15-g7f486f2 (webtiles) character file.

217512 ChaseSP the Severer (level 18, -7/168 HPs)
             Began as a Deep Dwarf Fighter on June 11, 2017.
             Was the Champion of Makhleb.
             Shot with a bolt by a naga sharpshooter (14 damage)
             ... led by Vashnia
             ... on level 2 of the Snake Pit on June 13, 2017.
             The game lasted 01:34:13 (30769 turns).

ChaseSP the Severer (Deep Dwarf Fighter)           Turns: 30769, Time: 01:34:13

Health: -7/168     AC: 22    Str: 28    XL:     18   Next: 39%
Magic:  12/12      EV: 19    Int:  5    God:    Makhleb [******]
Gold:   635        SH:  0    Dex: 18    Spells: 12/17 levels left

rFire    . . .     SeeInvis +   a - +1 battleaxe (freeze)
rCold    . . .     Gourm    .   (shield currently unavailable)
rNeg     + . .     Faith    +   Q - +2 scale mail {rPois}
rPois    +         Spirit   .   W - +2 helmet
rElec    +         Reflect  .   n - scarf of Winter {rElec Str+3 Int-4 SInv}
rCorr    .         Harm     .   M - +0 pair of gloves {Str+3}
MR       ++...                  y - +2 pair of boots
Stlth    ..........             O - amulet of faith
Regen    0.0/turn               F - +3 ring of protection
MPRegen  0.2/turn               H - ring of wizardry

@: about to teleport, non-regenerating
A: damage resistance, heal wounds, negative energy resistance 1, sense
surroundings 3, no regeneration
}: 1/15 runes: decaying
a: Heal Wounds, Minor Destruction, Lesser Servant of Makhleb, Major Destruction,
Greater Servant of Makhleb, Renounce Religion


You were on level 2 of the Snake Pit.
You worshipped Makhleb.
Makhleb was exalted by your worship.
You were not hungry.

You visited 6 branches of the dungeon, and saw 30 of its levels.
You also visited: Sewer and Volcano.

You collected 3303 gold pieces.
You spent 2668 gold pieces at shops.

Inventory:

Hand Weapons
 a - a +1 battleaxe of freezing (weapon)
 b - a +1 great mace of draining
 N - a +0 arbalest of flaming
 U - a +0 hand crossbow
Missiles
 m - 305 bolts
Armour
 n - the scarf of Winter (worn) {rElec Str+3 Int-4 SInv}
   (You acquired it on level 6 of the Lair of Beasts)

   It affects your strength (+3).
   It affects your intelligence (-4).
   It insulates you from electricity.
   It lets you see invisible.
 y - a +2 pair of boots (worn)
 C - the +9 crystal plate armour of Huosec {rC+ Dex+3}
   (You bought it in a shop on level 14 of the Dungeon)

   It affects your dexterity (+3).
   It protects you from cold.
 I - a +1 plate armour of magic resistance
 J - a +3 chain mail of fire resistance
 L - a +2 cloak
 M - a +0 pair of gloves of strength (worn)
 Q - a +2 scale mail of poison resistance (worn)
 W - a +2 helmet (worn)
Jewellery
 F - a +3 ring of protection (left hand)
 H - a ring of wizardry (right hand)
 O - an amulet of faith (around neck)
 Y - a +4 ring of slaying
Wands
 g - a wand of scattershot (4/9)
 P - a wand of polymorph (2/24)
 R - a wand of digging (11/24)
 T - a wand of clouds (0/9)
 V - a wand of iceblast (8/15)
 X - a wand of acid (8/15)
Scrolls
 c - 8 scrolls of identify
 e - 3 scrolls of enchant armour
 i - 11 scrolls of remove curse
 j - 12 scrolls of teleportation
 l - 6 scrolls of enchant weapon
 o - 7 scrolls of fear
 u - 6 scrolls of immolation
 x - 7 scrolls of magic mapping
 B - 6 scrolls of recharging
 D - 2 scrolls of blinking
 E - a scroll of brand weapon
 K - 3 scrolls of fog
Potions
 d - 7 potions of might
 h - 10 potions of curing
 p - 5 potions of haste
 q - 5 potions of agility
 s - 3 potions of mutation
 t - a potion of cancellation
 w - 6 potions of flight
 A - 4 potions of berserk rage
 G - a potion of invisibility
Miscellaneous
 Z - a phial of floods (inert)
Comestibles
 f - 22 bread rations
 k - 19 royal jellies
 r - 14 meat rations


   Skills:
 + Level 12.1 Fighting
 - Level 20.0 Axes
 * Level 11.3 Crossbows
 + Level 11.6 Armour
 + Level 12.0 Dodging
   Level 3.2 Shields
 + Level 9.4 Necromancy
 - Level 16.2 Invocations
 + Level 5.0 Evocations


You had 12 spell levels left.
You knew the following spells:

 Your Spells              Type           Power        Failure   Level  Hunger
a - Vampiric Draining     Necr           #.........   2%          3    ####...
b - Passwall              Tmut/Erth      #.........   50%         2    ###....


Dungeon Overview and Level Annotations

Branches:
Dungeon (15/15)            Temple (0/1) D:7            Lair (6/6) D:11
  Swamp (4/4) Lair:4        Snake (2/4) Lair:3        Slime (0/5) Lair:5
    Orc (2/2) D:9             Elf (1/3) Orc:2        Vaults (0/5) D:14
 Depths (0/5) D:15

Altars:
Ashenzari
Elyvilon
Hepliaklqana
Makhleb
Nemelex Xobeh
Okawaru
Ru
Sif Muna
Uskayaw
Vehumet
Xom
Yredelemnul
Zin
Beogh
Jiyva

Shops:
D:6 (::}   D:14 *[:[!   Orc:2 :[*%

Portals:
Trove: D:15 (give 7 scrolls of blinking)

Annotations:
Snake:2 Vashnia


Innate Abilities, Weirdness & Mutations

You are resistant to damage.
You can heal yourself by infusing magical energy.
You resist negative energy. (rN+)
You passively map a large area around you.
You do not regenerate.


Message History

The naga sharpshooter casts a spell.
The naga sharpshooter magically shoots a bolt.
The bolt hits you!
* * * LOW HITPOINT WARNING * * *
The naga sharpshooter casts a spell.
The naga sharpshooter magically shoots a bolt.
The bolt hits you but does no damage.
The naga sharpshooter gestures wildly while chanting.
The naga sharpshooter magically shoots a bolt.
The bolt hits you!
* * * LOW HITPOINT WARNING * * *
As you read the scroll of teleportation, it crumbles to dust.
You feel strangely unstable.
Vashnia shoots an arrow.
The arrow hits you!!
* * * LOW HITPOINT WARNING * * *
The arrow burns you!
* * * LOW HITPOINT WARNING * * *
The naga sharpshooter mumbles some strange words.
The naga sharpshooter magically shoots a bolt.
The bolt hits you!
You die...

, , ,..N....
...###......).(# # .......
....>.......#### # ,
.......*......>.#.#.# ,, ,,
#..._..*#...N...#...# * *
*#...N.##.(.....##..## ,
#.....N..N#.........## * *
,#.(NS#...........#### *
..≈≈.≈S##N#...##.........#
,..≈≈(!<,#@#...######.#...#
**,...≈.≈.
#((.########.....# , ,
##..... ###.).^...####....
.....#. ,###...#.####....
,* *.....#., #...#...####..
* ** .....#.,,,*
#...###..###.# * * #####
##...... * , * #####.. , ,
* ###


You could see Vashnia, 3 naga sharpshooters and a black mamba.

Vanquished Creatures
  Rupert (D:12)
  2 tentacled monstrosities
  3 thorn hunters
  Roxanne (Swamp:4)
  Aizul (Snake:2)
  A very ugly thing (Swamp:4)
  Nessos (Lair:6)
  2 green deaths (Swamp:4)
  A death ooze (Swamp:4)
  2 fire dragons
  Harold (D:10)
  4 vault guards (D:14)
  Josephine (Orc:1)
  A rakshasa (D:14)
  4 centaur warriors
  13 hydras
  2 hell beasts (Swamp:4)
  3 ghost crabs
  3 catoblepae (Lair:6)
  5 anacondas
  A dancing weapon (Elf:1)
  8 two-headed ogres
  11 alligators
  A hell hog (Volcano)
  2 shock serpents (Snake:1)
  8 death yaks
  2 tengu warriors (D:15)
  3 orc high priests (Orc:2)
  2 thrashing horrors (Swamp:4)
  A deep elf knight (Elf:1)
  4 unseen horrors
  9 swamp dragons
  A spriggan druid (Swamp:3)
  5 naga ritualists
  Pikel (D:8)
  4 necromancers
  4 orc knights (Orc:2)
  2 deep elf archers (Elf:1)
  11 deep elf magi
  2 wolf spiders (Lair:4)
  14 ugly things
  10 mana vipers
  4 cyclopes
  4 elephants (Lair:6)
  6 orc sorcerers
  2 large abominations
  A salamander (shapeshifter) (D:14)
  26 black mambas
  Maurice (D:13)
  6 manticores
  A rust devil (D:7)
  5 naga magi
  Psyche (D:11)
  An orange demon (Swamp:4)
  The ghost of Lucherd the Archer, a novice CeHu (D:5)
  A gargoyle (D:13)
  16 spiny frogs
  A torpor snail (Lair:5)
  2 molten gargoyles (Volcano)
  9 komodo dragons
  2 efreet
  A kobold demonologist (D:14)
  A rime drake (Lair:4)
  2 polar bears
  A tengu conjurer (D:14)
  7 trolls
  A merfolk (D:8)
  Grinder (D:6)
  2 harpy skeletons (D:15)
  5 tyrant leeches
  17 bog bodies
  Prince Ribbit (D:6)
  11 hippogriffs
  4 hornets
  A dream sheep (Lair:5)
  15 blink frogs
  26 slime creatures
  6 shadows
  62 yaks
  2 water elementals (Elf:1)
  Sigmund (D:3)
  3 spriggans
  10 fire bats (Volcano)
  5 wraiths (Orc:1)
  5 hogs
  A human (D:7)
  6 wyverns
  6 basilisks
  5 hungry ghosts
  2 steam dragons
  A warg (Orc:1)
  Menkaure (D:5)
  30 swamp worms
  21 vampire mosquitoes
  22 insubstantial wisps
  Edmund (D:4)
  A soldier ant (shapeshifter) (D:15)
  11 nagas
  6 water moccasins
  3 hell hounds
  2 soldier ants
  11 porcupines
  4 swamp drakes
  A slave (D:8)
  31 orc warriors
  5 ice beasts
  9 black bears (D:8)
  2 hornet zombies (D:14)
  3 necrophages
  8 ogres
  2 sky beasts
  A wolf (Lair:2)
  2 phantoms
  13 centaurs
  11 crocodiles
  2 elf zombies (Elf:1)
  5 big kobolds
  20 bullfrogs
  A gnoll sergeant (Orc:1)
  A wyvern zombie (D:12)
  4 scorpions
  A wyvern skeleton (D:14)
  A troll zombie (Swamp:2)
  7 wights
  A troll skeleton (Swamp:2)
  10 electric eels
  6 howler monkeys
  6 crimson imps
  4 bullfrog zombies
  2 centaur zombies
  5 lava snakes (Volcano)
  8 centaur skeletons
  A gnoll shaman (D:8)
  3 hounds
  4 jellies
  31 orc wizards
  2 bullfrog skeletons
  27 orc priests
  9 iguanas
  10 worker ants
  A small abomination (Swamp:4)
  A worker ant zombie (D:9)
  Robin (D:2)
  2 howler monkey zombies
  10 gnolls
  15 adders
  11 river rats
  A river rat (shapeshifter) (Elf:1)
  5 shadow imps
  6 oozes
  An adder zombie (D:6)
  2 adder skeletons
  9 worms
  2 dart slugs (D:1)
  11 leopard geckos
  77 orcs
  3 ball pythons (Sewer)
  8 giant cockroaches
  14 goblins
  5 hobgoblins
  2 jackals (D:2)
  3 bats
  16 frilled lizards
  A jackal skeleton (D:4)
  36 kobolds
  A quokka zombie (D:6)
  20 rats
  5 fungi
  8 plants
1108 creatures vanquished.

Vanquished Creatures (collateral kills)
  Asterion (Snake:1)
  Frances (Swamp:2)
  A nagaraja (Snake:2)
  A deep elf death mage (Elf:1)
  Erolcha (D:12)
  An alligator (Swamp:2)
  Urug (D:10)
  A large abomination (Elf:1)
  Sonja (Lair:6)
  A deep elf archer (Elf:1)
  A manticore (D:12)
  An oklob plant (Lair:6)
  2 spiny frogs
  3 swamp worms (Swamp:4)
  A big kobold (D:10)
  An orc priest (D:10)
  2 orcs (D:10)
  A kobold (D:10)
22 creatures vanquished.

Vanquished Creatures (others)
  2 insubstantial wisps (Swamp:3)
  An orc wizard (D:14)
  3 briar patches (Swamp:1)
  6 fungi
  15 plants
  6 toadstools (Swamp:1)
33 creatures vanquished.

Grand Total: 1163 creatures vanquished

Notes
Turn   | Place    | Note
-------+----------+-------------------------------------------
     0 | D:1      | ChaseSP the Deep Dwarf Fighter began the quest for the Orb.
     0 | D:1      | Reached XP level 1. HP: 20/20 MP: 1/1
    37 | D:1      | Reached skill level 3 in Axes
    52 | D:1      | Reached XP level 2. HP: 24/27 MP: 2/2
    89 | D:1      | Found a shattered altar of Ashenzari.
   394 | D:1      | Reached XP level 3. HP: 29/33 MP: 3/3
   396 | D:1      | Reached skill level 4 in Axes
   951 | D:2      | Noticed Robin
   965 | D:2      | Killed Robin
  1001 | D:2      | Found a burning altar of Makhleb.
  1016 | D:2      | Reached XP level 4. HP: 38/40 MP: 4/4
  1044 | D:2      | Became a worshipper of Makhleb the Destroyer
  1092 | D:2      | Reached skill level 5 in Axes
  1608 | D:3      | Reached XP level 5. HP: 37/46 MP: 5/5
  1670 | D:3      | Reached * piety under Makhleb
  1716 | D:3      | Found a white marble altar of Elyvilon.
  1764 | D:3      | Noticed Sigmund
  1788 | D:3      | Killed Sigmund
  1788 | D:3      | Reached skill level 7 in Axes
  1788 | D:3      | Reached XP level 6. HP: 25/55 MP: 5/5
  1882 | D:3      | Found a shimmering altar of Xom.
  2072 | D:3      | Found a glowing drain.
  2081 | Sewer    | Entered a sewer
  2323 | Sewer    | Reached ** piety under Makhleb
  2393 | Sewer    | Reached skill level 8 in Axes
  3064 | D:4      | Reached XP level 7. HP: 38/61 MP: 6/6
  3176 | D:4      | Noticed Edmund
  3201 | D:4      | Killed Edmund
  3201 | D:4      | Reached skill level 9 in Axes
  3758 | D:5      | Entered Level 5 of the Dungeon
  3784 | D:5      | Found a hide-covered altar of Uskayaw.
  4361 | D:5      | Noticed Lucherd's ghost (novice CeHu)
  4382 | D:5      | Killed Lucherd's ghost
  4382 | D:5      | Reached *** piety under Makhleb
  4382 | D:5      | Reached skill level 10 in Axes
  4382 | D:5      | Reached XP level 8. HP: 29/72 MP: 7/7
  4458 | D:5      | Found a sacrificial altar of Ru.
  4487 | D:5      | Noticed Menkaure
  4503 | D:5      | Killed Menkaure
  4503 | D:5      | Reached skill level 1 in Invocations
  5076 | D:6      | Found a hide-covered altar of Uskayaw.
  5123 | D:6      | Noticed Grinder
  5125 | D:6      | Reached skill level 11 in Axes
  5146 | D:6      | Paralysed by Grinder for 4 turns
  5163 | D:6      | Killed Grinder
  5190 | D:6      | Noticed Prince Ribbit
  5190 | D:6      | Found Boeshrow's Gadget Shop.
  5201 | D:6      | Gained mutation: You passively map the area around you. [Deep Dwarf growth]
  5201 | D:6      | Reached XP level 9. HP: 68/80 MP: 9/9
  5221 | D:6      | Found a sparkling altar of Nemelex Xobeh.
  5294 | D:6      | Killed Prince Ribbit
  5294 | D:6      | Reached skill level 5 in Fighting
  5297 | D:6      | Found a basalt altar of Yredelemnul.
  5310 | D:6      | Found a glowing silver altar of Zin.
  5424 | D:6      | Found Hiabofy's Antique Weapon Boutique.
  5451 | D:6      | Found an iron altar of Okawaru.
  5475 | D:6      | Found Xeki's Book Shoppe.
  5477 | D:6      | Found Senasas's Book Shoppe.
  6085 | D:7      | Reached **** piety under Makhleb
  6214 | D:7      | Reached skill level 12 in Axes
  6252 | D:7      | Reached skill level 5 in Invocations
  6433 | D:6      | Noticed a rust devil
  6433 | D:6      | Noticed a rust devil
  6469 | D:7      | Killed a rust devil
  6552 | D:7      | Found a staircase to the Ecumenical Temple.
  6666 | D:7      | Reached skill level 5 in Armour
  6679 | D:7      | Reached XP level 10. HP: 76/88 MP: 11/11
  6840 | D:7      | Reached skill level 13 in Axes
  6994 | D:8      | Reached skill level 1 in Dodging
  7291 | D:8      | Noticed a two-headed ogre
  7314 | D:8      | Killed a two-headed ogre
  7314 | D:8      | Reached skill level 14 in Axes
  7413 | D:8      | Found an iron altar of Okawaru.
  7443 | D:8      | Reached XP level 11. HP: 64/94 MP: 12/12
  7474 | D:8      | Reached ***** piety under Makhleb
  8065 | D:8      | Noticed Pikel
  8080 | D:8      | Reached skill level 5 in Dodging
  8226 | D:8      | Killed Pikel
  8851 | D:9      | Noticed a death yak
  8852 | D:9      | Reached skill level 15 in Axes
  8870 | D:9      | Reached skill level 10 in Invocations
  8872 | D:9      | Killed a death yak
  9101 | D:9      | HP: 2/97 [orc priest/divine providence (9)]
  9122 | D:9      | Found a staircase to the Orcish Mines.
  9190 | D:9      | Found a shimmering altar of Xom.
  9191 | D:9      | Found a shimmering altar of Xom.
  9192 | D:9      | Found a shimmering altar of Xom.
  9192 | D:9      | Found a shimmering altar of Xom.
  9192 | D:9      | Found a shimmering altar of Xom.
  9192 | D:9      | Found a shimmering altar of Xom.
  9192 | D:9      | Found a shimmering altar of Xom.
  9194 | D:9      | Found a shimmering altar of Xom.
  9194 | D:9      | Found a shimmering altar of Xom.
  9390 | D:9      | Reached ****** piety under Makhleb
  9442 | D:9      | Found a hazy altar of Hepliaklqana.
  9672 | D:9      | Noticed an orb spider
  9738 | D:10     | Entered Level 10 of the Dungeon
  9747 | D:10     | Reached XP level 12. HP: 45/106 MP: 9/9
  9769 | D:10     | Noticed a two-headed ogre
  9774 | D:10     | Killed a two-headed ogre
  9815 | D:10     | Noticed a two-headed ogre
  9829 | D:10     | Killed a two-headed ogre
  9851 | D:10     | Reached skill level 16 in Axes
  9851 | D:10     | Reached XP level 13. HP: 75/116 MP: 10/10
 10088 | D:10     | Noticed Urug
 10106 | D:10     | Killed Urug
 10156 | D:10     | Noticed Harold
 10168 | D:10     | Killed Harold
 10455 | D:11     | Reached skill level 17 in Axes
 10496 | D:11     | Gained mutation: You resist negative energy. (rN+) [Deep Dwarf growth]
 10496 | D:11     | Reached XP level 14. HP: 127/127 MP: 11/11
 10705 | D:11     | Found a staircase to the Lair.
 11094 | D:11     | Noticed Psyche
 11103 | D:11     | Killed Psyche
 11285 | D:6      | Bought a glowing battleaxe for 285 gold pieces
 11428 | D:12     | Noticed Rupert
 11442 | D:12     | Killed Rupert
 11571 | D:12     | Noticed Erolcha
 11573 | D:12     | Killed Erolcha
 12242 | Lair:1   | Entered Level 1 of the Lair of Beasts
 12360 | Lair:1   | Reached skill level 18 in Axes
 13189 | Lair:2   | Found a radiant altar of Vehumet.
 13529 | Lair:2   | Reached skill level 1 in Evocations
 14229 | Lair:3   | Found a staircase to the Snake Pit.
 14758 | Lair:4   | Noticed Sonja
 15085 | Lair:4   | Found a staircase to the Swamp.
 15257 | Lair:4   | Found a dark tunnel.
 15266 | Volcano  | Entered a volcano
 15445 | Volcano  | Reached XP level 15. HP: 106/135 MP: 12/12
 15628 | Volcano  | Found a radiant altar of Vehumet.
 16135 | Lair:4   | Learned a level 3 spell: Vampiric Draining
 16189 | Lair:5   | Reached skill level 1 in Necromancy
 16308 | Lair:5   | Found a viscous altar of Jiyva.
 16308 | Lair:5   | Found a staircase to the Slime Pits.
 16974 | Lair:6   | Entered Level 6 of the Lair of Beasts
 16998 | Lair:6   | Identified a scroll of acquirement
 16999 | Lair:6   | Got a distressingly furry scarf
 17015 | Lair:6   | Identified the scarf of Winter {rElec Str+3 Int-4 SInv} (You acquired it on level 6 of the Lair of Beasts)
 17298 | Lair:6   | Found a deep blue altar of Sif Muna.
 17303 | Lair:6   | Killed Sonja
 17542 | Lair:6   | Noticed Nessos
 17557 | Lair:6   | Killed Nessos
 17812 | Lair:6   | Reached skill level 19 in Axes
 17902 | Lair:6   | Reached skill level 10 in Fighting
 18453 | Orc:1    | Entered Level 1 of the Orcish Mines
 18453 | Orc:1    | Noticed Josephine
 18464 | Orc:1    | Killed Josephine
 18527 | Orc:2    | Entered Level 2 of the Orcish Mines
 18641 | Orc:2    | Found a roughly hewn altar of Beogh.
 18685 | Orc:2    | Found a staircase to the Elven Halls.
 19400 | Orc:2    | Found Suofonu's Assorted Antiques.
 19409 | Orc:2    | Reached skill level 1 in Crossbows
 19551 | Orc:2    | Found Wummuo's Book Boutique.
 19576 | Orc:2    | Found Ynibbiel's Armour Boutique.
 19578 | Orc:2    | Found Ythuef's Food Shoppe.
 19831 | D:13     | Noticed Maurice
 19839 | D:13     | Reached skill level 5 in Necromancy
 19847 | D:13     | Killed Maurice
 19847 | D:13     | Reached XP level 16. HP: 146/147 MP: 13/13
 20710 | D:14     | Found Esyonemu's Armour Shop.
 20811 | D:14     | Found Keafur's Book Shop.
 20830 | D:14     | Found Plog's Armour Boutique.
 20860 | D:14     | Bought a +0 pair of gloves of strength for 172 gold pieces
 20898 | D:14     | Reached skill level 10 in Dodging
 20957 | D:14     | Found a gate to the Vaults.
 21284 | D:14     | Found Igrybbeu's Distillery.
 21493 | D:14     | Found Desykuk's Assorted Antiques.
 21621 | D:15     | Entered Level 15 of the Dungeon
 21783 | D:15     | Reached skill level 20 in Axes
 22163 | D:15     | Found a deep blue altar of Sif Muna.
 22233 | D:15     | Found a staircase to the Depths.
 22335 | D:15     | Found a portal to a secret trove of treasure.
 22410 | D:15     | Reached skill level 15 in Invocations
 22713 | Orc:2    | Bought a +2 scale mail of poison resistance for 270 gold pieces
 23034 | Swamp:1  | Entered Level 1 of the Swamp
 23072 | Swamp:1  | Reached skill level 5 in Crossbows
 23339 | Swamp:1  | Noticed a thorn hunter
 23370 | Swamp:1  | Killed a thorn hunter
 23458 | Swamp:1  | Noticed a tentacled monstrosity
 23480 | Swamp:1  | Killed a tentacled monstrosity
 24279 | Swamp:2  | Reached skill level 10 in Armour
 24390 | Swamp:2  | Reached XP level 17. HP: 157/157 MP: 13/13
 24480 | Swamp:2  | Noticed Frances
 24550 | Swamp:2  | Killed Frances
 25705 | D:14     | Bought the +9 crystal plate armour of Huosec {rC+ Dex+3} for 1941 gold pieces
 25984 | Elf:1    | Entered Level 1 of the Elven Halls
 26747 | Elf:1    | Identified Riodgh's Tome of Stolen Souls
 27590 | Snake:1  | Entered Level 1 of the Snake Pit
 28541 | Swamp:4  | Entered Level 4 of the Swamp
 28541 | Swamp:4  | Noticed Roxanne
 28545 | Swamp:4  | HP: 6/159 [Roxanne/iron shot (51)]
 28582 | Swamp:4  | Killed Roxanne
 28583 | Swamp:4  | Identified Roxanne's Tome of Stones (You took it off Roxanne on level 4 of the Swamp)
 28591 | Swamp:4  | Learned a level 2 spell: Passwall
 29236 | Swamp:4  | Reached skill level 10 in Crossbows
 29370 | Swamp:4  | Gained mutation: You passively map a large area around you. [Deep Dwarf growth]
 29370 | Swamp:4  | Reached XP level 18. HP: 161/168 MP: 12/12
 29405 | Swamp:4  | Got a decaying rune of Zot
 29575 | Swamp:4  | Noticed a tentacled monstrosity
 29594 | Swamp:4  | Killed a tentacled monstrosity
 30409 | Snake:2  | Noticed Asterion
 30428 | Snake:1  | Killed Asterion
 30641 | Snake:2  | Noticed Aizul
 30654 | Snake:2  | Killed Aizul
 30741 | Snake:2  | Reached skill level 5 in Evocations
 30747 | Snake:2  | Found a sacrificial altar of Ru.
 30750 | Snake:2  | Noticed Vashnia
 30766 | Snake:2  | HP: 3/168 [Vashnia/arrow (10)]
 30769 | Snake:2  | Shot with a bolt by a naga sharpshooter

Skill      XL: |  1  2  3  4  5  6  7  8  9 10 11 12 13 14 15 16 17 18 |
---------------+-------------------------------------------------------+-----
Axes           | 3 4 5 7 8 10 11 12 14 15 16 17 18 19 20 | 20.0
Fighting       | 3 4 5 6 7 8 9 10 11 12 | 12.1
Invocations    | 3 6 8 10 11 13 14 15 16 | 16.2
Armour         | 5 7 8 9 10 11 | 11.6
Dodging        | 4 6 8 9 10 11 12 | 12.0
Evocations     | 3 5 |  5.0
Necromancy     | 5 7 8 9 |  9.4
Crossbows      | 2 6 10 11 | 11.3
Shields        | |  3.2

Action                   |  1- 3 |  4- 6 |  7- 9 | 10-12 | 13-15 | 16-18 || total
-------------------------+-------+-------+-------+-------+-------+-------++-------
Melee: War axe           |    86 |   269 |   360 |   173 |       |       ||   888
       Battleaxe         |       |       |       |   414 |  1122 |  1629 ||  3165
       Great mace        |       |       |       |       |       |    60 ||    60
 Fire: Arbalest          |       |       |       |       |     5 |     9 ||    14
 Cast: Vampiric Draining |       |       |       |       |       |     4 ||     4
       Passwall          |       |       |       |       |       |     1 ||     1
Invok: Lesser Servant of |       |       |       |     1 |     1 |     2 ||     4
       Greater Servant o |       |       |       |       |     2 |     5 ||     7
       Major Destruction |       |       |       |       |     1 |     2 ||     3
       Minor Destruction |       |       |       |       |       |     1 ||     1
 Abil: Heal Wounds       |     1 |     4 |    13 |    26 |    17 |    24 ||    85
Evoke: Wand              |       |       |     2 |     2 |     7 |     1 ||    12
       Phial of floods   |       |       |       |       |       |     1 ||     1
  Use: Scroll            |       |     1 |     3 |    12 |    16 |     5 ||    37
       Potion            |       |       |     5 |     5 |     3 |     7 ||    20
 Stab: Distracted        |       |       |       |       |     2 |     2 ||     4
       Confused          |       |       |       |       |       |     1 ||     1
  Eat: Chunk             |       |     7 |     8 |    13 |    29 |    21 ||    78
       Fruit             |       |       |     5 |     1 |     7 |     7 ||    20
       Meat ration       |       |       |       |       |     1 |     2 ||     3
       Royal jelly       |       |       |       |       |       |     1 ||     1
Armor: Scale mail        |     7 |       |       |       |       |   483 ||   490
       Chain mail        |    50 |   136 |   139 |   275 |   475 |   146 ||  1221
       Plate armour      |       |       |       |       |       |    62 ||    62
       Crystal plate arm |       |       |       |       |       |    59 ||    59
Dodge: Dodged            |    21 |    73 |    62 |   300 |   605 |  1106 ||  2167
Block: Shield            |    39 |   143 |   147 |    73 |       |       ||   402
